 Dungeon Sprint DCSS version 0.26-a0-1181-gd376ed14c5 (webtiles) character file.

Game seed: 248193072629666823

295 rocky1 the Insei (level 6, 0/41 (45) HPs)
             Began as an Octopode Transmuter on Dec 26, 2020.
             Was a Priest of Sif Muna.
             Slain by a wight
             ... wielding a cursed -1 great sword
              (7 damage)
             ... while paralysed by a floating eye
             ... in the Dungeon (Sprint VII: "The Pits").
             The game lasted 00:03:09 (433 turns).

rocky1 the Insei (Octopode Transmuter)               Turns: 433, Time: 00:03:09

HP:   0/41 (45)     AC:  1    Str:  9    XL:     6   Next: 34%
MP:   11/13         EV:  2    Int: 18    God:    Sif Muna [***...]
Gold: 0             SH:  0    Dex: 12    Spells: 0/15 levels left

rFire    . . .     SeeInvis .     - Unarmed
rCold    . . .     Faith    .   (no shield)
rNeg     . . .     Spirit   .   (helmet currently unavailable)
rPois    .         Reflect  .   (no amulet)
rElec    .         Harm     .   (no ring)
rCorr    .         Rampage  .   (no ring)
Will     .....     NoTele   +   (no ring)
Stlth    +++.......             (no ring)
HPRegen  0.13/turn              (no ring)
MPRegen  0.13/turn              (no ring)
                                (no ring)
                                (no ring)

@: paralysed, appendages (expiring), wereblooded, drained
A: almost no armour, stealthy swim, amphibious, 8 rings, constrict 8, tentacle
spike 3, camouflage 1, gelatinous body 1
a: End Transformation, Renounce Religion, Channel Magic, Forget Spell


You were in the Dungeon.
You worshipped Sif Muna.
Sif Muna was most pleased with you.
One of your tentacles had a temporary spike.
You visited 1 branch

Inventory:

Scrolls
 g - a scroll of blinking
 h - 3 scrolls of remove curse
 i - 5 scrolls of amnesia
 j - a scroll of summoning
Potions
 a - 2 potions of invisibility
 b - 6 potions of curing
 c - 5 potions of heal wounds
 d - a potion of haste
 e - 4 potions of magic
 f - 3 potions of berserk rage


   Skills:
 - Level 5.0 Fighting
 + Level 5.9 Dodging
 + Level 2.9 Stealth
 + Level 6.2 Unarmed Combat
 - Level 5.0 Spellcasting
 + Level 5.9 Transmutations
 + Level 3.7 Invocations


You couldn't memorise any spells.
You knew the following spells:

 Your Spells              Type           Power        Failure   Level
a - Beastly Appendage     Tmut           52%          1%          1
b - Wereblood             Tmut           26%          1%          2
c - Spider Form           Tmut/Pois      7%           12%         3
d - Blade Hands           Tmut           13%          32%         5
e - Ice Form              Ice/Tmut       15%          36%         4

Your spell library contained the following spells:

 Spells                   Type           Power        Failure   Level


Dungeon Overview and Level Annotations

Branches:
Dungeon (1/1)

Altars:
Ashenzari
Cheibriados
Dithmenos
Elyvilon
Fedhas
Gozag
Hepliaklqana
Kikubaaqudgha
Makhleb
Nemelex Xobeh
Okawaru
Qazlal
Ru
Sif Muna
Trog
Uskayaw
Vehumet
Wu Jian
Xom
Yredelemnul
Zin
The Shining One
Beogh
Jiyva
Lugonu


Innate Abilities, Weirdness & Mutations

You cannot wear most types of armour.
You are very stealthy in the water. (Stealth+)
You are amphibious.
You can wear up to eight rings at the same time.
You can use your tentacles to constrict eight enemies at once.
Your skin changes colour to match your surroundings (Stealth+).
Your rubbery body absorbs attacks. (AC +1, EV +1)
One of your tentacles bears a large vicious spike.


Message History

The wight is lightly damaged.
You constrict the wight. The wight barely misses you.
You tentacle-slap the wight.
The wight is moderately damaged.
You constrict the wight, but do no damage.
The floating eye seems to glare at you.
You tentacle-slap the wight but do no damage.
Your tentacle spike misses the wight.
You squeeze the wight.
The wight is heavily damaged.
You constrict the wight. The wight closely misses you.
The wight hits you with a cursed -1 great sword!
You feel drained.
The floating eye gazes piercingly through you!
You suddenly lose the ability to move!
You lose your grip on the wight.
The wight hits you from afar with a +1 halberd!
* * * LOW HITPOINT WARNING * * *
You feel drained.
* * * LOW HITPOINT WARNING * * *
The wight hits you with a cursed -1 great sword!
You die...

###########
_________.#
_________.#
_______...#########
##########'##.......
#.?(.')))'.##......#
##########.##.......
#Gz@........'.......
#z#####'#####......#
#.#..#...'.##.......
#G#..#...#.#####'###
#.#..#####.##.......
#z#..'...#†##.......
#.#..'÷..'.##.......
#z#..########...<...
#.#..'.)))[##.......


You could see a floating eye and 2 wights.

Vanquished Creatures
  2 floating eyes (D)
  A bullfrog (D)
  A river rat (D)
  A leopard gecko (D)
  A bat zombie (D)
  2 goblins (D)
  2 hobgoblins (D)
  4 jackals (D)
  A ball python (D)
15 creatures vanquished.

Notes
Turn   | Place    | Note
-------+----------+-------------------------------------------
     0 | D        | rocky1 the Octopode Transmuter began the quest for the Orb.
     0 | D        | Reached XP level 1. HP: 13/13 MP: 3/3
    40 | D        | Found a bloodstained altar of Trog.
    40 | D        | Found a shimmering blue altar of Sif Muna.
    40 | D        | Found a viscous altar of Jiyva.
    40 | D        | Found a hazy altar of Hepliaklqana.
    40 | D        | Found an opulent altar of Gozag.
    41 | D        | Found a glowing golden altar of the Shining One.
    41 | D        | Found a glowing silver altar of Zin.
    41 | D        | Found a basalt altar of Yredelemnul.
    41 | D        | Found a shimmering altar of Xom.
    41 | D        | Found an ornate altar of the Wu Jian Council.
    41 | D        | Found a sacrificial altar of Ru.
    41 | D        | Found a stormy altar of Qazlal.
    41 | D        | Found an iron altar of Okawaru.
    41 | D        | Found a sparkling altar of Nemelex Xobeh.
    41 | D        | Found a burning altar of Makhleb.
    41 | D        | Found a blossoming altar of Fedhas.
    41 | D        | Found a white marble altar of Elyvilon.
    41 | D        | Found a shadowy altar of Dithmenos.
    41 | D        | Found a snail-covered altar of Cheibriados.
    44 | D        | Found a corrupted altar of Lugonu.
    44 | D        | Found a radiant altar of Vehumet.
    44 | D        | Found a roughly hewn altar of Beogh.
    45 | D        | Found an ancient bone altar of Kikubaaqudgha.
    45 | D        | Found a hide-covered altar of Uskayaw.
    45 | D        | Found a broken altar of Ashenzari.
    46 | D        | Became a worshipper of Sif Muna the Loreminder
    57 | D        | Noticed a floating eye
    62 | D        | Killed a floating eye
    63 | D        | Reached skill level 5 in Unarmed Combat
    63 | D        | Reached XP level 2. HP: 22/22 MP: 4/7
    63 | D        | Reached XP level 3. HP: 27/27 MP: 4/8
    63 | D        | Reached XP level 4. HP: 33/33 MP: 5/10
   116 | D        | Reached * piety under Sif Muna
   157 | D        | Noticed a floating eye
   169 | D        | Paralysed by a floating eye for 3 turns
   179 | D        | Reached XP level 5. HP: 37/37 MP: 11/11
   179 | D        | Paralysed by a floating eye for 2 turns
   182 | D        | Reached ** piety under Sif Muna
   185 | D        | Paralysed by a floating eye for 4 turns
   190 | D        | Killed a floating eye
   191 | D        | Reached skill level 5 in Fighting
   191 | D        | Reached skill level 5 in Dodging
   191 | D        | Reached skill level 5 in Spellcasting
   191 | D        | Reached skill level 5 in Transmutations
   192 | D        | Reached XP level 6. HP: 41/45 MP: 11/13
   218 | D        | Learned a level 2 spell: Wereblood
   222 | D        | Learned a level 3 spell: Spider Form
   228 | D        | Learned a level 5 spell: Blade Hands
   233 | D        | Learned a level 4 spell: Ice Form
   395 | D        | Noticed a floating eye
   417 | D        | Reached skill level 6 in Unarmed Combat
   418 | D        | Reached *** piety under Sif Muna
   432 | D        | Paralysed by a floating eye for 3 turns
   433 | D        | Slain by a wight

Illustrated notes

Levels and vault maps discovered:
D:        pitsprint [storerooms_1, entrance_room_1, metal_vault_2, armoury_3,
          mini_pit_1, grid_room_1, main_hall_1, silver_pit, the_coven_3,
          the_vestibule_1, steel_vault_5, golden_pit, hallway_of_sentries,
          crystal_vault_4, iron_vault_2, final_vault]

Skill      XL: |  1  2  3  4  5  6 |
---------------+-------------------+-----
Fighting       | 4 5 |  5.0
Dodging        | 4 5 |  5.9
Unarmed Combat | 5 6 |  6.2
Spellcasting   | 4 5 |  5.0
Transmutations | 4 5 |  5.9
Invocations    | 2 3 |  3.7
Stealth        | 2 |  2.9

Action                   |  1- 3 |  4- 6 || total
-------------------------+-------+-------++-------
Melee: Unarmed           |     6 |    45 ||    51
       Constrict         |     2 |    12 ||    14
       Tentacles         |     2 |     7 ||     9
       Kick              |       |     9 ||     9
 Cast: Beastly Appendage |       |     2 ||     2
       Wereblood         |       |     1 ||     1
  Use: Potion            |       |     1 ||     1
 Stab: Sleeping          |       |     2 ||     2
Armor: Skin              |     1 |     4 ||     5
Dodge: Dodged            |       |    33 ||    33

Table legend: (Time is in decaauts)
 A = Elapsed time spent in this place.
 B = Non-inter-level travel time spent in this place.
 C = Inter-level travel time spent in this place.
 D = Time resting spent in this place.
 E = Time spent auto-exploring this place.
 F = Levels seen in this place.
 G = Mean time per level.
                   A        B        C        D        E       F      G
               +--------+--------+--------+--------+--------+-----+--------+
         Total |    428 |    428 |      0 |    187 |      0 |   1 |  428.0 |
       Dungeon |    428 |    428 |      0 |    187 |      0 |   1 |  428.0 |
               +--------+--------+--------+--------+--------+-----+--------+

Top non-repeatable levels by time:
       D: 428 daAuts
